AoeStats
← _The_Lion

Arabia

506039083Analyzed
1v1 RM · 21d ago on Sep 12, 2026· 37m 45s· 2 players
Game mode
Random Map
Map size
Tiny (2 player)
Population
200
Speed
Normal
Resources
Standard
Victory
Conquest
Starting age
Dark Age
Ending age
Imperial Age
RankedLock teamsTeams togetherTeam positionsShared explorationLock speedFull tech treeHidden civsTurbo modeCheats
Victory
Defeat
🇲🇽 Italians · Mexico
1994
+4
🇨🇦 Magyars · Canada
1659
-4
nW | Sgt.Pepper
12:10 Loom
14:13 Feudal Age
17:50 Castle Age
17:14 Fletching
17:12 Double-Bit Axe
17:51 Crossbowman
19:22 Bodkin Arrow
29:28 Ballistics
29:05 Horse Collar
32:39 Bow Saw
33:08 Wheelbarrow
33:29 Bow Saw
33:23 Town Watch
37:32 Imperial Age
36:52 Hand Cart
37:47 Padded Archer Armor
38:18 Bracer
39:19 Chemistry
38:25 Thumb Ring
_The_Lion
4:35 Loom
9:34 Feudal Age
13:35 Wheelbarrow
15:27 Double-Bit Axe
17:22 Fletching
22:25 Castle Age
21:35 Padded Archer Armor
22:33 Crossbowman
23:16 Bodkin Arrow
Connection lost

Rejoining the realm…

Still unreachable

The connection could not be restored.

Session expired

The server has moved on; the page needs a fresh start.